 Dungeon Crawl Stone Soup version 0.25-a0-73-g9796ba8d15 (webtiles) character file.

Game seed: 4339342390360746893, levelgen mode: deterministic

29396 Flugkiller the Nimble (level 13, -7/88 HPs)
             Began as an Octopode Venom Mage on Nov 5, 2019.
             Was an Elder of Fedhas.
             Mangled by a spiny frog (20 damage)
             ... on level 5 of the Lair of Beasts.
             The game lasted 00:41:09 (25207 turns).

Flugkiller the Nimble (Octopode Venom Mage)        Turns: 25207, Time: 00:41:09

Health: -7/88      AC:  1    Str: 10    XL:     13   Next: 45%
Magic:  2/22       EV: 23    Int: 21    God:    Fedhas [****..]
Gold:   693        SH:  2    Dex: 19    Spells: 10/24 levels left

rFire    + . .     SeeInvis .   b - +1 hand crossbow "Zyryih" {venom, Str+2 Dex+6}
rCold    . . .     Gourm    .   (no shield)
rNeg     . . .     Faith    .   (helmet restricted)
rPois    .         Spirit   .   C - amulet "Orobou Oset" {Reflect MR+ SH+2}
rElec    .         Reflect  +   (no ring)
rCorr    .         Harm     .   k - +1 ring of evasion
MR       +....                  B - ring of protection from fire
Stlth    ++++......             (no ring)
HPRegen  0.24/turn              (no ring)
MPRegen  0.18/turn              (no ring)
                                (no ring)
                                (no ring)

@: no status effects
A: almost no armour, stealthy swim, amphibious, 8 rings, constrict 8, camouflage
1, gelatinous body 1
a: Wall of Briars, Grow Ballistomycete, Overgrow, Renounce Religion


You were on level 5 of the Lair of Beasts.
You worshipped Fedhas.
Fedhas was greatly pleased with you.
You were hungry.

You visited 2 branches of the dungeon, and saw 16 of its levels.

You collected 1008 gold pieces.
You spent 315 gold pieces at shops.

Inventory:

Hand Weapons
 a - a +3 whip of freezing
   (You took it off Pikel on level 7 of the Dungeon)
 b - the +1 hand crossbow "Zyryih" (weapon) {venom, Str+2 Dex+6}
   (You found it on level 11 of the Dungeon)

   It poisons the ammo it fires.
   It affects your strength (+2).
   It affects your dexterity (+6).
Missiles
 v - 10 curare-tipped darts
 F - a throwing net
 G - 4 silver boomerangs
 L - 80 bolts (quivered)
Armour
 s - a +1 shield
   (You found it on level 4 of the Dungeon)
Jewellery
 k - a +1 ring of evasion (right tentacle)
   (You found it on level 3 of the Dungeon)
 B - a ring of protection from fire (on tentacle)
   (You found it on level 6 of the Dungeon)
 C - the amulet "Orobou Oset" (around mantle) {Reflect MR+ SH+2}
   (You found it on level 6 of the Dungeon)

   [amulet of reflection]

   It shields you and reflects attacks.
   It affects your resistance to hostile enchantments.
   It affects your SH (+2).
Wands
 c - a wand of enslavement (12)
   (You found it on level 7 of the Dungeon)
 n - a wand of iceblast (1)
   (You took it off Ijyb on level 4 of the Dungeon)
 M - a wand of digging (12)
   (You found it on level 3 of the Lair of Beasts)
 N - a wand of flame (28)
   (You found it on level 3 of the Lair of Beasts)
 O - a wand of acid (29)
   (You found it on level 3 of the Lair of Beasts)
Scrolls
 f - a scroll of fog {unknown}
 g - 3 scrolls of teleportation
 o - a scroll of brand weapon {unknown}
 q - 4 scrolls of fear
 r - a scroll of immolation {unknown}
 w - 6 scrolls of blinking
 x - 2 scrolls of acquirement
 y - a scroll of enchant armour
 z - a scroll of enchant weapon
 E - 5 scrolls of remove curse
 H - a scroll of vulnerability
 I - 2 scrolls of amnesia
Potions
 e - 2 potions of mutation
 h - 4 potions of might
 i - 9 potions of curing
 j - 2 potions of cancellation
 m - a potion of ambrosia {unknown}
 p - a potion of brilliance
 t - 5 potions of lignification
 u - a potion of resistance
 A - 2 potions of magic
 D - 2 potions of flight
 J - 2 potions of agility
 K - 3 potions of haste
Miscellaneous
 P - a box of beasts
Comestibles
 d - 25 rations


   Skills:
 - Level 8.0 Fighting
 + Level 6.1 Crossbows
 - Level 11.0 Dodging
 - Level 4.0 Stealth
 - Level 6.1 Spellcasting
 - Level 8.0 Conjurations
 - Level 10.0 Poison Magic
 - Level 11.0 Invocations
 - Level 5.1 Evocations


You had 10 spell levels left.
You knew the following spells:

 Your Spells              Type           Power        Failure   Level  Hunger
b - Poisonous Vapours     Pois/Air       ####..       1%          2    None
c - Mephitic Cloud        Conj/Pois/Air  ####....     2%          3    ##.....
d - Olgreb's Toxic Radia  Pois           #####...     1%          4    ####...
e - Venom Bolt            Conj/Pois      #####.....   7%          5    #####..

Your spell library contained the following spells:

 Spells                   Type           Power        Failure   Level  Hunger
 Sting                    Conj/Pois      ####         1%          1    None
 Freeze                   Ice            #...         10%         1    None
 Infusion                 Chrm           #...         10%         1    None
 Shroud of Golubria       Chrm/Tloc      #.....       14%         2    None
 Song of Slaying          Chrm           #.......     14%         2    None
 Regeneration             Chrm/Necr      #.........   28%         3    ##.....
 Spectral Weapon          Hex/Chrm       #.......     28%         3    ##.....


Dungeon Overview and Level Annotations

Branches:
Dungeon (11/15)            Temple (0/1) D:6            Lair (5/6) D:11
  Swamp (0/4) Lair:2        Snake (0/4) Lair:2          Orc (0/2) D:11
  Slime: Lair:5-6

Altars:
Ashenzari
Fedhas
Gozag
Kikubaaqudgha
Sif Muna
Uskayaw
Vehumet
Xom
Zin

Shops:
D:3 *   D:9 (   D:10 ?

Annotations:
D:5 exclusions: centaur and phantom
D:7 exclusion: hungry ghost
Lair:2 exclusion: hydra
Lair:3 1 runed translucent door


Innate Abilities, Weirdness & Mutations

You cannot wear most types of armour.
You are very stealthy in the water. (Stealth+)
You are amphibious.
You can wear up to eight rings at the same time.
You can use your tentacles to constrict eight enemies at once.
Your skin changes colour to match your surroundings (Stealth+).
Your rubbery body absorbs attacks. (AC +1, EV +1)


Message History

Aiming: Venom Bolt (safe; 7% risk of failure)
Press: ? - help, Shift-Dir - straight line, f - spriggan, p - spiny frog
Aim: a spriggan, wielding a +0 dagger and wearing a +0 robe The bolt of poison hits the spiny frog!
The spiny frog is heavily wounded.
The bolt of poison hits the elephant!!
The elephant is moderately wounded.
The spiny frog barely misses you.
A spriggan comes into view. It is wielding a +0 rapier.
Casting: Venom Bolt (safe; 7% risk of failure)
Confirm with . or Enter, or press ? or * to list all spells.
Aiming: Venom Bolt (safe; 7% risk of failure)
Press: ? - help, Shift-Dir - straight line, f/p - spriggan
Aim: a spriggan, wielding a +0 dagger and wearing a +0 robe The bolt of poison hits the spiny frog.
The spiny frog is heavily wounded.
The bolt of poison misses the spriggan.
A spriggan comes into view.
It is wielding a +0 vampiric short sword.
The spiny frog stings you!!
* * * LOW HITPOINT WARNING * * *
Casting: Venom Bolt (safe; 7% risk of failure)
Confirm with . or Enter, or press ? or * to list all spells.
Aiming: Venom Bolt (safe; 7% risk of failure)
Press: ? - help, Shift-Dir - straight line, f - spriggan, p - spriggan
Aim: a spriggan, wielding a +0 rapier and wearing a +0 robe The bolt of poison hits the spiny frog.
The spiny frog is severely wounded.
The bolt of poison hits the elephant!
The elephant is poisoned.
The elephant is heavily wounded.
You hear a screech!
The spiny frog stings you!
* * * LOW HITPOINT WARNING * * *
Unknown command.
Casting: Venom Bolt (safe; 7% risk of failure)
Confirm with . or Enter, or press ? or * to list all spells.
Aiming: Venom Bolt (safe; 7% risk of failure)
Press: ? - help, Shift-Dir - straight line, f/p - spriggan
Aim: a spriggan, wielding a +0 rapier and wearing a +0 robe The bolt of poison hits the spiny frog!
The spiny frog looks even sicker.
The spiny frog is almost dead.
The bolt of poison hits the spriggan!
The spriggan is heavily wounded.
The bolt of poison hits the spriggan!
The spriggan is poisoned.
The spriggan is severely wounded.
You are feeling hungry.
The spiny frog stings you!
* * * LOW HITPOINT WARNING * * *
The spiny frog stings you!!
You die...
Fedhas appreciates your contribution to the ecosystem.

. ### ##.#♣♣ #P...♣♣
#P.#♣.♣♣♣♣♣♣♣
##.#♣♣......♣♣♣♣♣♣ ##.#
♣♣♣♣♣♣♣.♣@FY♣ #P.# ♣♣.♣♣iii...
#P.# ♣♣♣ ♣♣♣♣♣ ♣♣ ##.##### ♣.
#..#..##### ♣.
#.........###################.
#..P..........................
###.......................[...
#...........................


You could see an elephant, a spiny frog and 3 spriggans.

Vanquished Creatures
  A catoblepas (Lair:2)
  4 hydras
  2 two-headed ogres
  Nergalle (Lair:2)
  An unseen horror (D:9)
  Pikel (D:7)
  An ugly thing (D:11)
  3 black mambas
  A guardian serpent (Lair:2)
  7 spiny frogs
  A gargoyle (D:11)
  3 komodo dragons
  A rime drake (Lair:1)
  2 trolls (D:9)
  A polar bear (Lair:1)
  Prince Ribbit (D:5)
  A hornet (Lair:5)
  Grinder (D:4)
  15 blink frogs
  11 hippogriffs
  5 spriggans (Lair:5)
  13 yaks
  2 hungry ghosts (D:9)
  3 basilisks
  3 vampire mosquitoes (D:10)
  Menkaure (D:6)
  2 insubstantial wisps (D:10)
  5 water moccasins
  3 sky beasts
  4 porcupines
  A slave (D:7)
  2 ice beasts
  A necrophage (D:10)
  An orc warrior (D:9)
  5 ogres
  A boggart (Lair:5)
  16 wolves
  4 centaurs
  7 crocodiles
  11 bullfrogs
  4 scorpions
  9 killer bees
  3 wights (D:11)
  6 electric eels
  3 centaur zombies
  2 howler monkeys
  6 crimson imps
  2 bullfrog zombies
  3 centaur skeletons
  4 orc priests
  6 hounds
  8 jellies
  A quasit (D:9)
  2 bullfrog skeletons
  6 iguanas
  Ijyb (D:4)
  12 orc wizards
  11 worker ants
  2 killer bee zombies
  A hound zombie (D:5)
  A worker ant zombie (D:11)
  6 gnolls
  A howler monkey skeleton (D:10)
  13 adders
  2 shadow imps
  11 oozes
  An adder zombie (D:7)
  2 adder skeletons
  A worm (D:2)
  5 leopard geckos
  28 orcs
  2 ball pythons
  6 bats
  4 giant cockroaches
  5 goblins
  7 hobgoblins
  5 jackals
  7 quokkas
  A ball python skeleton (D:5)
  5 frilled lizards
  7 kobolds
  5 rats
  3 ballistomycete spores
369 creatures vanquished.

Vanquished Creatures (collateral kills)
  6 ballistomycete spores
6 creatures vanquished.

Vanquished Creatures (others)
  An oklob plant (Lair:1)
  2 slaves (D:7)
  A bullfrog (D:9)
  A scorpion (D:7)
  A hound (D:9)
  An orc wizard (D:10)
  A worker ant (D:7)
  A ballistomycete spore (Lair:4)
  16 fungi
  2 plants (Lair:2)
27 creatures vanquished.

Grand Total: 402 creatures vanquished

Notes
Turn   | Place    | Note
-------+----------+-------------------------------------------
     0 | D:1      | Flugkiller the Octopode Venom Mage began the quest for the
                  | Orb.
     0 | D:1      | Reached XP level 1. HP: 11/11 MP: 3/3
   552 | D:1      | Reached XP level 2. HP: 17/17 MP: 0/5
   904 | D:1      | Learned a level 2 spell: Poisonous Vapours
   997 | D:1      | Reached skill level 1 in Fighting
  1321 | D:2      | Noticed a +0 dagger
  1322 | D:2      | Found a hide-covered altar of Uskayaw.
  1322 | D:2      | Noticed a +0 hand axe
  1350 | D:2      | Reached XP level 3. HP: 19/23 MP: 3/6
  1359 | D:2      | Found a blossoming altar of Fedhas.
  1784 | D:2      | Reached XP level 4. HP: 28/28 MP: 3/7
  1885 | D:2      | Became a worshipper of Fedhas Madash
  1905 | D:2      | Reached skill level 5 in Poison Magic
  1941 | D:2      | Learned a level 4 spell: Olgreb's Toxic Radiance
  2429 | D:2      | Reached XP level 5. HP: 28/33 MP: 6/8
  2785 | D:3      | Found an opulent altar of Gozag.
  2787 | D:3      | Found Gozag's Platinum Reserve.
  3063 | D:3      | Found a glowing silver altar of Zin.
  3503 | D:3      | Reached * piety under Fedhas
  4032 | D:4      | Noticed Grinder
  4050 | D:4      | Reached XP level 6. HP: 39/39 MP: 5/10
  4573 | D:4      | Paralysed by Grinder for 3 turns
  4584 | D:4      | Noticed Ijyb
  4593 | D:4      | Killed Grinder
  4593 | D:4      | Reached XP level 7. HP: 21/45 MP: 4/11
  4596 | D:4      | Killed Ijyb
  4973 | D:4      | Reached XP level 8. HP: 52/52 MP: 9/14
  5184 | D:4      | Found a radiant altar of Vehumet.
  5184 | D:4      | Found a shattered altar of Ashenzari.
  5242 | D:5      | Entered Level 5 of the Dungeon
  5767 | D:5      | Learned a level 3 spell: Mephitic Cloud
  5877 | D:5      | Reached ** piety under Fedhas
  6114 | D:5      | Noticed Prince Ribbit
  6127 | D:5      | Killed Prince Ribbit
  6366 | D:5      | Reached skill level 1 in Invocations
  6826 | D:5      | Found a shimmering altar of Xom.
  7158 | D:6      | Found a staircase to the Ecumenical Temple.
  7175 | D:6      | Noticed Menkaure
  7181 | D:6      | Killed Menkaure
  7181 | D:6      | Reached skill level 1 in Evocations
  7403 | D:6      | Reached XP level 9. HP: 57/57 MP: 8/16
  7451 | D:6      | Got a vibrating jade amulet
  7939 | D:6      | Found a shimmering blue altar of Sif Muna.
  7958 | D:6      | Reached skill level 5 in Spellcasting
  7961 | D:6      | Identified Sif Muna's Handbook of the Glacier
  8195 | D:7      | Noticed Pikel
  8202 | D:7      | Killed Pikel
  8202 | D:7      | Reached skill level 5 in Invocations
  8304 | D:7      | Reached skill level 5 in Evocations
  9213 | D:8      | Reached *** piety under Fedhas
  9308 | D:8      | Identified the amulet "Orobou Oset" {Reflect MR+ SH+2} (You
                  | found it on level 6 of the Dungeon)
  9405 | D:8      | Reached XP level 10. HP: 59/65 MP: 17/17
  9413 | D:8      | Found an ancient bone altar of Kikubaaqudgha.
  9450 | D:8      | Reached skill level 5 in Fighting
 10325 | D:9      | Found a shimmering altar of Xom.
 10639 | D:9      | Found a shattered altar of Ashenzari.
 10976 | D:9      | Reached **** piety under Fedhas
 11221 | D:9      | Noticed a two-headed ogre
 11292 | D:9      | Killed a two-headed ogre
 11316 | D:9      | Reached skill level 10 in Dodging
 11391 | D:9      | Found Hucwif's Weapon Shoppe.
 11905 | D:10     | Entered Level 10 of the Dungeon
 12017 | D:9      | Reached XP level 11. HP: 52/74 MP: 6/18
 12437 | D:9      | Killed an unseen horror
 13910 | D:10     | Found Ros Kank's Magic Scroll Shop.
 13913 | D:10     | Bought 3 scrolls of blinking for 315 gold pieces
 14545 | D:10     | Noticed a two-headed ogre
 14575 | D:10     | Killed a two-headed ogre
 15629 | D:11     | Noticed a brown ugly thing
 15650 | D:11     | Killed a brown ugly thing
 15764 | D:11     | Found a staircase to the Lair.
 15866 | D:11     | Reached skill level 5 in Conjurations
 15872 | D:11     | Reached skill level 10 in Poison Magic
 15908 | D:11     | Got a translucent hand crossbow
 15909 | D:11     | Identified the cursed +1 hand crossbow "Zyryih" {venom,
                  | Str+2 Dex+6} (You found it on level 11 of the Dungeon)
 16619 | Lair:1   | Entered Level 1 of the Lair of Beasts
 16667 | D:11     | Reached ***** piety under Fedhas
 16811 | D:11     | Found a staircase to the Orcish Mines.
 17037 | Lair:1   | Reached skill level 1 in Crossbows
 17603 | Lair:1   | Found an opulent altar of Gozag.
 17794 | Lair:1   | Learned a level 5 spell: Venom Bolt
 17972 | Lair:1   | Noticed an oklob plant
 17999 | Lair:1   | Killed an oklob plant
 18012 | Lair:1   | Reached XP level 12. HP: 80/80 MP: 21/21
 18844 | Lair:2   | Found a staircase to the Swamp.
 18919 | Lair:2   | Noticed a catoblepas
 18947 | Lair:2   | Killed a catoblepas
 19068 | Lair:2   | Found a staircase to the Snake Pit.
 19657 | Lair:2   | Noticed an eight-headed hydra
 20359 | Lair:2   | Noticed an eight-headed hydra
 20446 | Lair:2   | Noticed Nergalle
 20456 | Lair:2   | Killed Nergalle
 20649 | Lair:2   | Killed an eight-headed hydra
 21435 | Lair:3   | Noticed a six-headed hydra
 21721 | Lair:3   | Found a runed translucent door.
 21757 | Lair:3   | Killed a six-headed hydra
 22581 | Lair:4   | Reached XP level 13. HP: 77/88 MP: 17/22
 22667 | Lair:4   | Reached skill level 10 in Invocations
 23058 | Lair:4   | Identified a scroll of acquirement
 24632 | Lair:5   | Reached skill level 5 in Crossbows
 25207 | Lair:5   | Mangled by a spiny frog

Levels and vault maps discovered:
D:1:      lightli_arrival_lavapool, layout_loops_ring, supply_closet_lemuel,
          minmay_misc_feat_five
D:2:      minmay_recursive_quarters, layout_loops_ring, fedhas_altar_fruit_tree,
          dancing_weapons_uskayaw
D:3:      layout_loops_corners, zin_treasury, nicolae_gozag_zags_fifth_avenue,
          chequers_serial_rivers_small_a
D:4:      layout_loops_ring, gammafunk_temple_overflow_statue,
          hangedman_abyss_or_decor_stabs, uniq_ijyb, uniq_grinder
D:5:      layout_loops_cross, basic_altar, first_ration, chequers_jeans,
          serial_bayou_pond_b, st_stairs_1, uniq_prince_ribbit1
D:6:      layout_loops_ring, led_sif_book, minmay_temple_entry_hall,
          uniq_menkaure
D:7:      layout_loops_ring, uniq_pikel
D:8:      layout_gridville, kiku_gazebo_garden_becter
D:9:      layout_basic, xom_confusion_cloud, basic_altar, serial_shops,
          shop_coins
D:10:     layout_rooms, serial_shops, nicolae_shop_behind_doors, pond
D:11:     layout_roguey, lair_entry_dummy, orc_0_dummy
Lair:1:   lemuel_slime, layout_small_grid, basic_altar, grunt_megastairs_5
Lair:2:   layout_cave_pods, swamp_mist, minmay_snake_entry_spellcaster,
          serial_bayou_shore_b, uniq_nergalle
Lair:3:   gammafunk_mikee_crab_dinner, layout_regular_city, st_stairs_3,
          infiniplex_staircase_pool_2
Lair:4:   layout_concentric_octagons, infiniplex_staircase_pool,
          grunt_megastairs_1
Lair:5:   kb_forest_paths, layout_long_grid, lemuel_fruit_tree

Skill      XL: |  1  2  3  4  5  6  7  8  9 10 11 12 13 |
---------------+----------------------------------------+-----
Stealth        | 3 4 |  4.0
Fighting       | 1 2 3 4 6 8 |  8.0
Poison Magic   | 4 5 8 10 | 10.0
Conjurations   | 2 5 8 |  8.0
Spellcasting   | 3 4 5 6 |  6.1
Dodging        | 3 6 7 10 11 | 11.0
Invocations    | 2 5 9 11 | 11.0
Evocations     | 1 5 |  5.1
Crossbows      | 3 4 6 |  6.1

Action                   |  1- 3 |  4- 6 |  7- 9 | 10-12 | 13-15 || total
-------------------------+-------+-------+-------+-------+-------++-------
Melee: Unarmed           |     7 |       |     5 |       |    16 ||    28
       Tentacles         |     7 |     9 |    44 |    64 |     1 ||   125
       Whip              |    14 |    54 |   205 |   341 |    12 ||   626
       Constrict         |     3 |    12 |    37 |    42 |     2 ||    96
       Hand crossbow     |       |       |       |     1 |       ||     1
 Fire: Hand crossbow     |       |       |       |   285 |    82 ||   367
 Cast: Sting             |    50 |    87 |     7 |     1 |       ||   145
       Poisonous Vapours |       |    14 |    81 |   147 |    22 ||   264
       Olgreb's Toxic Ra |       |       |     7 |    44 |    14 ||    65
       Mephitic Cloud    |       |       |       |     6 |       ||     6
       Venom Bolt        |       |       |       |       |     4 ||     4
Invok: Wall of Briars    |       |       |       |     7 |     1 ||     8
       Grow Ballistomyce |       |       |       |     4 |     2 ||     6
Evoke: Wand              |       |     2 |     4 |    19 |     1 ||    26
  Use: Scroll            |       |     5 |     7 |    12 |     2 ||    26
       Potion            |       |       |     1 |     3 |     1 ||     5
 Stab: Paralysed         |       |     9 |       |       |       ||     9
       Sleeping          |       |       |     6 |     6 |       ||    12
  Eat: Chunk             |     3 |    10 |    17 |    34 |     7 ||    71
       Ration            |       |       |       |     8 |     1 ||     9
Armor: Skin              |     1 |     3 |    13 |    14 |    16 ||    47
Dodge: Dodged            |    14 |    30 |   193 |   617 |    69 ||   923
Block: Other             |       |       |     1 |    41 |     7 ||    49
       Reflection        |       |       |       |     1 |       ||     1

Table legend:
 A = Non-vault XP
 B = Vault XP
 C = Vault XP percentage of total XP
 D = Non-vault monster count
 E = Vault monster count
 F = Vault count percentage of total count
                 A         B        C        D         E       F
            +---------+---------+-------+---------+---------+-------
      Total |   35057 |    6938 |  16.5 |     313 |      55 |  14.9
            +---------+---------+-------+---------+---------+-------
        D:1 |      28 |       0 |   0.0 |      16 |       0 |   0.0
        D:2 |     109 |      44 |  28.8 |      25 |       6 |  19.4
        D:3 |      74 |       0 |   0.0 |      13 |       0 |   0.0
        D:4 |     735 |     313 |  29.9 |      21 |       2 |   8.7
        D:5 |     368 |     371 |  50.2 |      16 |       3 |  15.8
        D:6 |     354 |     239 |  40.3 |      13 |       3 |  18.8
        D:7 |    1075 |     641 |  37.4 |      17 |       1 |   5.6
        D:8 |    1497 |       0 |   0.0 |      23 |       0 |   0.0
        D:9 |    4008 |     478 |  10.7 |      33 |       7 |  17.5
       D:10 |    1526 |     875 |  36.4 |      23 |       5 |  17.9
       D:11 |    2982 |       0 |   0.0 |      26 |       0 |   0.0
     Lair:1 |    2953 |     822 |  21.8 |      18 |      15 |  45.5
     Lair:2 |    5080 |    1163 |  18.6 |      14 |       2 |  12.5
     Lair:3 |    3725 |     299 |   7.4 |      12 |       2 |  14.3
     Lair:4 |    7674 |     252 |   3.2 |      32 |       2 |   5.9
     Lair:5 |    2869 |    1441 |  33.4 |      11 |       7 |  38.9
            +---------+---------+-------+---------+---------+-------
